 Dungeon Crawl Stone Soup version 0.27.1 (webtiles) character file.

Game seed: 2059760337666309513

475 Atelerd the Digger (level 7, -4/41 HPs)
             Began as an Octopode Earth Elementalist on Sept 2, 2021.
             Was an Initiate of Sif Muna.
             Slain by an iguana (13 damage)
             ... on level 5 of the Dungeon.
             The game lasted 00:08:50 (5968 turns).

Atelerd the Digger (Octopode Earth Elementalist)    Turns: 5968, Time: 00:08:50

Health: -4/41      AC:  1    Str: 13    XL:     7   Next: 10%
Magic:  0/13       EV: 13    Int: 19    God:    Sif Muna [......]
Gold:   75         SH:  0    Dex: 13    Spells: 9/14 levels left

rFire    . . .     SeeInvis .   e - +0 dagger
rCold    . . .     Faith    .   (no shield)
rNeg     . . .     Spirit   .   (helmet restricted)
rPois    .         Reflect  .   (no amulet)
rElec    .         Harm     .   n - +6 ring of strength
rCorr    .         Rampage  .   (no ring)
Will     .....                  (no ring)
Stlth    +++.......             (no ring)
HPRegen  0.13/turn              (no ring)
MPRegen  0.13/turn              (no ring)
                                (no ring)
                                (no ring)

@: very slightly contaminated
A: almost no armour, amphibious, 8 rings, camouflage 1, gelatinous body 1,
(nimble swimmer 1), tentacles
a: Renounce Religion


You were on level 5 of the Dungeon.
You worshipped Sif Muna.
Sif Muna was noncommittal.
You visited 2 branches of the dungeon, and saw 6 of its levels.

You collected 190 gold pieces.
You spent 115 gold pieces at shops.

Inventory:

Hand Weapons
 e - a +0 dagger (weapon)
Missiles
 b - 20 stones
Jewellery
 n - a +6 ring of strength (left tentacle)
Wands
 i - a wand of polymorph (11)
 j - a wand of iceblast (6)
 r - a wand of flame (8)
Scrolls
 a - 2 scrolls of magic mapping
 d - 2 scrolls of fog {unknown}
 k - 2 scrolls of enchant armour {unknown}
 o - 4 scrolls of identify
 p - 4 scrolls of teleportation
 q - a scroll of immolation {unknown}
Potions
 c - a potion of magic {unknown}
 f - a potion of might {unknown}
 g - a potion of berserk rage {unknown}
 h - 2 potions of attraction {unknown}
 l - a potion of brilliance {unknown}
 m - 2 potions of curing
 s - a potion of mutation {unknown}
 t - a potion of lignification {unknown}


   Skills:
 - Level 2.0 Dodging
 - Level 2.6 Stealth
 + Level 4.2 Spellcasting
 + Level 4.1 Transmutations
 + Level 5.1 Earth Magic


You had 9 spell levels left.
You knew the following spells:

 Your Spells              Type           Power      Damage    Failure   Level
a - Sandblast             Erth           46%        2d11      1%          1
p - Petrify               Tmut/Erth      21%        N/A       21%         4

Your spell library contained the following spells:

 Spells                   Type           Power      Damage    Failure   Level
 Passwall                 Tmut/Erth      17%        N/A       3%          2
 Stone Arrow              Conj/Erth      26%        3d8       14%         3
 Blink                    Tloc           N/A        N/A       21%         2
 Fireball                 Conj/Fire      2%         3d4       98%         5
 Manifold Assault         Tloc           4%         N/A       98%         5
 Starburst                Conj/Fire      2%         6d3       100%        6
 Storm Form               Tmut/Air       5%         N/A       100%        7
 Ignition                 Fire           2%         3d3       100%        8


Dungeon Overview and Level Annotations

Branches:
Dungeon (5/15)             Temple (1/1) D:4

Altars:
Ashenzari
Cheibriados
Dithmenos
Elyvilon
Fedhas
Gozag
Kikubaaqudgha
Makhleb
Nemelex Xobeh
Okawaru
Qazlal
Ru
Sif Muna
Trog
Uskayaw
Vehumet
Wu Jian
Xom
Yredelemnul
Zin
The Shining One

Shops:
D:3 ?   D:4 =

Annotations:
D:3 exclusion: 2 downstairs
D:4 Dowan, Duvessa, Pikel, Sigmund


Innate Abilities, Weirdness & Mutations

You cannot wear most types of armour.
You are amphibious.
You can wear up to eight rings at the same time.
Your skin changes colour to match your surroundings (Stealth+).
Your rubbery body absorbs attacks. (AC +1, EV +1)
((You are camouflaged near water. (Stealth+)))
You have tentacles for arms and can constrict up to eight enemies at once.


Message History

The iguana is severely wounded.
The iguana bites you!
* * * LOW HITPOINT WARNING * * *
Unknown command.
You feel better.
Casting: Sandblast (safe; 1% risk of failure)
Confirm with . or Enter, or press ? or * to list all spells.
Aiming: Sandblast (safe; 1% risk of failure)
Press: ? - help, Shift-Dir - straight line, f/p - iguana
Aim: an iguana (severely wounded, 83% to hit)
The blast of sand hits the iguana.
You kill the iguana!
Sif Muna accepts your kill.
Unknown command.
Casting: Sandblast (safe; 1% risk of failure)
Confirm with . or Enter, or press ? or * to list all spells.
The spell is quite dangerous to cast (21% risk of failure)!
Continue anyway?
Aiming: Petrify (quite dangerous; 21% risk of failure)
Press: ? - help, Shift-Dir - straight line, f - iguana
Aim: an iguana (chance to affect: 60%)
The iguana resists with significant effort.
The iguana barely misses you.
Unknown command.
Casting: Petrify (quite dangerous; 21% risk of failure)
Confirm with . or Enter, or press ? or * to list all spells.
Aiming: Sandblast (safe; 1% risk of failure)
Press: ? - help, Shift-Dir - straight line, f/p - iguana
Aim: an iguana (83% to hit)
The blast of sand misses the iguana.
The iguana bites you.
* * * LOW HITPOINT WARNING * * *
Unknown command.
Unknown command.
Okay, then.
Okay, then.
The iguana bites you!
* * * LOW HITPOINT WARNING * * *
Things that are here:
a +0 dagger; a +0 robe You feel better.
The iguana bites you!
You die...

#.# .# #####.# #####.#
......####### .......
......†...#.# .......
.....####.#.# .......
.....# #.#.# ....... .....#
#.#.# #####....... .....#
#.#.# #.l.'....... .....#
#.#.# #@###....... .....#
#.#.# #)# .......
.....####.#.# #.# .......
.....'.##.#.# #.# .......
.....#.##.#.# #.# #######
.....#.##.#.# #.#
.....#.##.#.####.##########
####.#.....<...............
#
#.#..#.............####...


You could see an iguana.

Vanquished Creatures
  A black bear (D:5)
  Blork the orc (D:4)
  2 scorpions (D:5)
  A water moccasin skeleton (D:4)
  An iguana (D:5)
  An orc wizard (D:5)
  A hound skeleton (D:4)
  2 adders
  A worm (D:2)
  2 dart slugs
  3 orcs
  4 bats
  5 endoplasms
  2 giant cockroaches
  6 goblins
  8 hobgoblins
  7 jackals
  5 quokkas
  2 ball pythons
  A frilled lizard (D:2)
  3 kobolds
  3 rats
62 creatures vanquished.

Notes
Turn   | Place    | Note
-------+----------+-------------------------------------------
     0 | D:1      | Atelerd the Octopode Earth Elementalist began the quest for
                  | the Orb.
     0 | D:1      | Reached XP level 1. HP: 11/11 MP: 3/3
   669 | D:1      | Reached XP level 2. HP: 3/17 MP: 0/5
  1543 | D:1      | Reached XP level 3. HP: 17/21 MP: 0/6
  1654 | D:1      | You fall into a shaft and drop 1 floor!
  2931 | D:1      | Reached XP level 4. HP: 27/27 MP: 6/8
  3265 | D:3      | Found a faded altar of an unknown god.
  3265 | D:3      | Noticed a hellwing
  3499 | D:3      | Found Nokuum's Magic Scroll Shoppe.
  3510 | D:3      | Bought a scroll of identify for 22 gold pieces
  3510 | D:3      | Bought a scroll of identify for 22 gold pieces
  3510 | D:3      | Bought a scroll of teleportation for 33 gold pieces
  3823 | D:3      | Bought a scroll of magic mapping for 38 gold pieces
  3859 | D:4      | Found Kiwaedwo's Jewellery Boutique.
  3990 | D:4      | Noticed Blork the orc
  4001 | D:4      | Reached skill level 4 in Earth Magic
  4001 | D:4      | Reached XP level 5. HP: 20/31 MP: 7/9
  4006 | D:4      | Learned a level 4 spell: Petrify
  4219 | D:4      | Noticed a lemure
  4219 | D:4      | Noticed a lemure
  4263 | D:4      | Killed Blork the orc
  4378 | D:4      | Noticed Pikel
  4379 | D:4      | Noticed a lemure
  4792 | D:4      | Noticed Sigmund
  4918 | D:4      | Noticed Duvessa
  5060 | D:4      | Noticed a lemure
  5099 | D:4      | Noticed Dowan
  5103 | D:4      | Found a staircase to the Ecumenical Temple.
  5109 | Temple   | Entered the Ecumenical Temple
  5349 | Temple   | Became a worshipper of Sif Muna the Loreminder
  5392 | D:5      | Entered Level 5 of the Dungeon
  5401 | D:5      | Reached XP level 6. HP: 16/36 MP: 5/11
  5623 | D:5      | Noticed a black bear
  5636 | D:5      | Killed a black bear
  5807 | D:5      | Reached skill level 5 in Earth Magic
  5929 | D:5      | Reached XP level 7. HP: 41/41 MP: 10/13
  5967 | D:5      | HP: 1/41 [iguana (10)]
  5968 | D:5      | Slain by an iguana

Illustrated notes

Levels and vault maps discovered:
D:1:      ebering_trefoil_twist, layout_loops_ring
D:2:      layout_loops_corners
D:3:      layout_basic, dreamdust_ecumenical_altar_sealed_demon, serial_shops,
          nicolae_square_shop
D:4:      layout_loops_ring, minmay_temple_entry_mist, serial_shops, shop,
          uniq_sigmund, uniq_duvessa, uniq_pikel, uniq_blork_the_orc
D:5:      layout_basic, hangedman_glass_teeth, minivault_4,
          grunt_decor_junction, interstate_on_off, hex_intersection,
          uniq_grinder
Temple:   kilobyte_greek_temple

Skill      XL: |  1  2  3  4  5  6 |
---------------+-------------------+-----
Transmutations | 2 3 4 |  4.1
Spellcasting   | 3 4 |  4.2
Earth Magic    | 4 5 |  5.1
Dodging        | |  2.0
Stealth        | |  2.6

Action                   |  1- 3 |  4- 6 |  7- 9 || total
-------------------------+-------+-------+-------++-------
Melee: Unarmed           |    10 |       |       ||    10
       Constrict         |     8 |    16 |       ||    24
       Dagger            |    18 |    58 |       ||    76
       Tentacles         |     5 |     8 |       ||    13
 Cast: Sandblast         |    44 |    23 |     6 ||    73
       Petrify           |       |    10 |     1 ||    11
  Use: Potion            |       |     1 |     2 ||     3
       Scroll            |       |     1 |       ||     1
 Stab: Sleeping          |       |     1 |       ||     1
       Petrified         |       |    17 |       ||    17
Armor: Skin              |     3 |     5 |       ||     8
Dodge: Dodged            |    34 |    36 |     2 ||    72
